EL
CHATTANOOGA LOOKOUTS @ PORTLAND SEA DOGS
08/08/2045
 
TOP OF THE 1ST
Chattanooga Lookouts batting - Pitching for Portland Sea Dogs : LHP John Hotham
Pitching: LHP John Hotham
Batting: RHB Mike Craver 0-0: Called Strike
0-1: Foul Ball, location: 2F
0-2: Foul Ball, location: 2F
0-2: Ball
1-2: Strikes out swinging
Batting: RHB Isaiah Easter 0-0: Foul Ball, location: 2F
0-1: Called Strike
0-2: Ball
1-2: Strikes out swinging
Batting: LHB Jim Pankratz 0-0: Ball
1-0: SINGLE (Groundball, 4D, EV 103.8 MPH)
Batting: LHB Matt Robertson 0-0: Swinging Strike
0-1: Ball
1-1: Called Strike
1-2: Ball
Jim Pankratz steals 2nd, throwing error, E2
Jim Pankratz to third
2-2: Strikes out looking
Top of the 1st over - 0 runs, 1 hit, 1 error, 1 left on base; Chattanooga 0 - Portland 0
BOTTOM OF THE 1ST
Portland Sea Dogs batting - Pitching for Chattanooga Lookouts : LHP Kazuo Nishihara
Pitching: LHP Kazuo Nishihara
Batting: RHB John Chiesa 0-0: Ball
1-0: Ball
2-0: Called Strike
2-1: Ball
3-1: SINGLE (Groundball, 34D, EV 98.1 MPH)
Batting: RHB Guillermo Quintero 0-0: Ball
1-0: Ball
2-0: Called Strike
2-1: Foul Ball, location: 2F
2-2: Ball
3-2: Fielders Choice at 2nd, 5-4 (Groundball, 56S, EV 80.6 MPH)
Batting: RHB Manny Jurado 0-0: Ball
1-0: Foul Ball, location: 2F
1-1: Ball
2-1: Foul Ball, location: 2F
2-2: SINGLE (Groundball, 56D, EV 97.5 MPH)
Guillermo Quintero to second
Batting: RHB Carlos Nolasco 0-0: Ball
1-0: Foul Ball, location: 2F
1-1: Foul Ball, location: 2F
1-2: Fly out, F9 (Flyball, 9, EV 86.2 MPH)
Batting: LHB Blake Sams 0-0: Ball
1-0: Swinging Strike
1-1: Ball
2-1: Ball
3-1: Base on Balls
Guillermo Quintero to third
Manny Jurado to second
Batting: LHB Jarrett Mordecai 0-0: Ground out 1-3 (Groundball, 34S, EV 71.9 MPH)
Bottom of the 1st over - 0 runs, 2 hits, 0 errors, 3 left on base; Chattanooga 0 - Portland 0
TOP OF THE 2ND
Chattanooga Lookouts batting - Pitching for Portland Sea Dogs : LHP John Hotham
Batting: RHB Julian de Reus 0-0: Swinging Strike
0-1: Foul Ball, location: 2F
0-2: Ball
1-2: Ball
2-2: Ground out 6-3 (Groundball, 6, EV 107.5 MPH)
Batting: RHB Bobby Paredes 0-0: Foul Ball, location: 2F
0-1: Ball
1-1: Swinging Strike
1-2: Ball
2-2: Foul Ball, location: 2F
2-2: Ball
3-2: Base on Balls
Batting: SHB Duri Chilemba 0-0: Called Strike
0-1: Swinging Strike
0-2: Strikes out swinging
Batting: LHB Marius Tadini 0-0: Ground out 4-3 (Groundball, 4, EV 99.4 MPH)
Top of the 2nd over - 0 runs, 0 hits, 0 errors, 1 left on base; Chattanooga 0 - Portland 0
BOTTOM OF THE 2ND
Portland Sea Dogs batting - Pitching for Chattanooga Lookouts : LHP Kazuo Nishihara
Batting: RHB Joe Evrard 0-0: Swinging Strike
0-1: Ball
1-1: Called Strike
1-2: Ball
2-2: Strikes out looking
Batting: RHB Pat Bulger 0-0: Ball
1-0: Called Strike
1-1: Fly out, F4 (Flyball, 4D, EV 95.6 MPH)
Batting: LHB Julian Toney 0-0: Ball
1-0: Ball
2-0: Called Strike
2-1: Foul Ball, location: 2F
2-2: Fly out, F5 (Popup, 56, EV 82.5 MPH)
Bottom of the 2nd over - 0 runs, 0 hits, 0 errors, 0 left on base; Chattanooga 0 - Portland 0
TOP OF THE 3RD
Chattanooga Lookouts batting - Pitching for Portland Sea Dogs : LHP John Hotham
Batting: RHB Bobby Blanchard 0-0: Called Strike
0-1: Ball
1-1: Ball
2-1: Ground out U3 (Groundball, 3L, EV 88.8 MPH)
Batting: RHB Mike Craver 0-0: Called Strike
0-1: Ball
1-1: Foul Ball, location: 2F
1-2: SINGLE (Line Drive, 7S, EV 92.5 MPH)
Batting: RHB Isaiah Easter 0-0: Called Strike
0-1: Called Strike
0-2: Strikes out swinging
Batting: LHB Jim Pankratz 0-0: Called Strike
0-1: Foul Ball, location: 2F
0-2: Foul Ball, location: 2F
0-2: Ground out U3 (Groundball, 34S, EV 68.1 MPH)
Top of the 3rd over - 0 runs, 1 hit, 0 errors, 1 left on base; Chattanooga 0 - Portland 0
BOTTOM OF THE 3RD
Portland Sea Dogs batting - Pitching for Chattanooga Lookouts : LHP Kazuo Nishihara
Batting: RHB John Chiesa 0-0: Called Strike
0-1: Foul Ball, location: 2F
0-2: Ball
1-2: Ball
2-2: Ground out 5-3 (Groundball, 56, EV 78.8 MPH)
Batting: RHB Guillermo Quintero 0-0: Ball
1-0: Ball
2-0: Called Strike
2-1: Foul Ball, location: 2F
2-2: Foul Ball, location: 2F
2-2: SINGLE (Line Drive, 7S, EV 88.8 MPH)
Batting: RHB Manny Jurado 0-0: Ball
1-0: Foul Ball, location: 2F
1-1: Ball
2-1: Called Strike
2-2: Ball
3-2: Strikes out swinging
Batting: RHB Carlos Nolasco 0-0: Called Strike
0-1: Ball
1-1: Ball
2-1: Fly out, F4 (Popup, 4MD, EV 66.9 MPH)
Bottom of the 3rd over - 0 runs, 1 hit, 0 errors, 1 left on base; Chattanooga 0 - Portland 0
TOP OF THE 4TH
Chattanooga Lookouts batting - Pitching for Portland Sea Dogs : LHP John Hotham
Batting: LHB Matt Robertson 0-0: Called Strike
0-1: Ball
1-1: Foul Ball, location: 2F
1-2: Foul Ball, location: 2F
1-2: Strikes out swinging
Batting: RHB Julian de Reus 0-0: Ground out 1-3 (Groundball, 15S, EV 72.5 MPH)
Batting: RHB Bobby Paredes 0-0: Called Strike
0-1: Foul Ball, location: 2F
0-2: Foul Ball, location: 2F
0-2: Ball
1-2: Ground out U3 (Groundball, 34, EV 106.2 MPH)
Top of the 4th over - 0 runs, 0 hits, 0 errors, 0 left on base; Chattanooga 0 - Portland 0
BOTTOM OF THE 4TH
Portland Sea Dogs batting - Pitching for Chattanooga Lookouts : LHP Kazuo Nishihara
Batting: LHB Blake Sams 0-0: Ball
1-0: SINGLE (Line Drive, 7LM, EV 99.4 MPH)
Batting: LHB Jarrett Mordecai 0-0: Called Strike
0-1: Ball
1-1: SINGLE (Groundball, 4MD, EV 96.9 MPH)
Blake Sams to second
Pitching: RHP Toshiyuki Kawashima
Batting: RHB Joe Evrard 0-0: Swinging Strike
0-1: Ball
1-1: Fly out, F1 (Line Drive, P, EV 75.6 MPH)
Batting: RHB Pat Bulger 0-0: Ball
1-0: Called Strike
1-1: Ball
2-1: SINGLE (Groundball, 6D, EV 106.2 MPH)
Blake Sams to third
Jarrett Mordecai to second
Runner from 3rd tries for Home, SAFE, throw by LF to home
Jarrett Mordecai to third
Pat Bulger to second
Batting: LHB Julian Toney 0-0: Called Strike
0-1: Foul Ball, location: 2F
0-2: Strikes out swinging
Batting: RHB John Chiesa 0-0: Called Strike
0-1: Swinging Strike
0-2: DOUBLE (Flyball, 89D, EV 112.5 MPH)
Jarrett Mordecai scores
Pat Bulger scores
Batting: RHB Guillermo Quintero 0-0: Ball
1-0: 2-RUN HOME RUN (Flyball, 78XD, EV 103.8 MPH), Distance : 415 ft
Batting: RHB Manny Jurado 0-0: Ball
1-0: Swinging Strike
1-1: Ball
2-1: Ball
3-1: Called Strike
3-2: Base on Balls
Batting: RHB Carlos Nolasco 0-0: Called Strike
0-1: Foul Ball, location: 2F
0-2: SINGLE (Line Drive, 6D, EV 94.4 MPH)
Manny Jurado to second
Pitching: LHP Moronobu Ikeda
Batting: LHB Blake Sams 0-0: Called Strike
0-1: Ball
1-1: Foul Ball, location: 2F
1-2: Foul Ball, location: 2F
1-2: Ball
2-2: Ground out 4-3 (Groundball, 4S, EV 85.6 MPH)
Bottom of the 4th over - 5 runs, 6 hits, 0 errors, 2 left on base; Chattanooga 0 - Portland 5
TOP OF THE 5TH
Chattanooga Lookouts batting - Pitching for Portland Sea Dogs : LHP John Hotham
Batting: SHB Duri Chilemba 0-0: Foul Ball, location: 2F
0-1: Ball
1-1: Foul Ball, location: 2F
1-2: Ball
2-2: Fly out, F3 (Line Drive, 4, EV 70.6 MPH)
Batting: LHB Marius Tadini 0-0: Called Strike
0-1: Ball
1-1: Called Strike
1-2: Ball
2-2: Ball
3-2: Base on Balls
Batting: RHB Bobby Blanchard 0-0: Foul Ball, location: 2F
0-1: Fielders Choice at 2nd, 5-4 (Groundball, 5, EV 81.9 MPH)
Batting: RHB Mike Craver 0-0: Ball
1-0: Ball
2-0: Swinging Strike
2-1: Ground out 5-3 (Groundball, 56S, EV 85.0 MPH)
Top of the 5th over - 0 runs, 0 hits, 0 errors, 1 left on base; Chattanooga 0 - Portland 5
BOTTOM OF THE 5TH
Portland Sea Dogs batting - Pitching for Chattanooga Lookouts : LHP Moronobu Ikeda
Batting: LHB Jarrett Mordecai 0-0: Called Strike
0-1: Ball
1-1: Called Strike
1-2: Ball
2-2: Strikes out looking
Batting: RHB Joe Evrard 0-0: Ball
1-0: Swinging Strike
1-1: Swinging Strike
1-2: Fly out, F9 (Line Drive, 9, EV 107.5 MPH)
Batting: RHB Pat Bulger 0-0: Ball
1-0: Foul Ball, location: 2F
1-1: Fly out, F7 (Flyball, 7LS, EV 71.2 MPH)
Bottom of the 5th over - 0 runs, 0 hits, 0 errors, 0 left on base; Chattanooga 0 - Portland 5
TOP OF THE 6TH
Chattanooga Lookouts batting - Pitching for Portland Sea Dogs : LHP John Hotham
Batting: RHB Isaiah Easter 0-0: Called Strike
0-1: Foul Ball, location: 2F
0-2: Ball
1-2: Ball
2-2: SINGLE (Line Drive, 56, EV 106.9 MPH)
Batting: LHB Jim Pankratz 0-0: Called Strike
Isaiah Easter steals 2nd base
0-1: Ball
1-1: Foul Ball, location: 2F
1-2: Ball
2-2: Ball
3-2: Strikes out swinging
Batting: LHB Matt Robertson 0-0: Called Strike
Isaiah Easter steals 3rd, throwing error, E2
Isaiah Easter scores
0-1: Foul Ball, location: 2F
0-2: Ground out 4-3 (Groundball, 4, EV 79.4 MPH)
Batting: RHB Julian de Reus 0-0: Ball
1-0: Called Strike
1-1: Ground out 5-3 (Groundball, 5L, EV 87.5 MPH)
Top of the 6th over - 1 run, 1 hit, 1 error, 0 left on base; Chattanooga 1 - Portland 5
BOTTOM OF THE 6TH
Portland Sea Dogs batting - Pitching for Chattanooga Lookouts : LHP Moronobu Ikeda
Batting: LHB Julian Toney 0-0: Fly out, F4 (Popup, 4S, EV 78.1 MPH)
Batting: RHB John Chiesa 0-0: Ball
1-0: Ball
2-0: Ground out U3 (Groundball, 3, EV 79.4 MPH)
Batting: RHB Guillermo Quintero 0-0: Called Strike
0-1: Called Strike
0-2: Strikes out looking
Bottom of the 6th over - 0 runs, 0 hits, 0 errors, 0 left on base; Chattanooga 1 - Portland 5
TOP OF THE 7TH
Chattanooga Lookouts batting - Pitching for Portland Sea Dogs : LHP John Hotham
Batting: RHB Bobby Paredes 0-0: Ground out 6-3 (Groundball, 6S, EV 83.8 MPH)
Batting: SHB Duri Chilemba 0-0: Ball
1-0: Swinging Strike
1-1: Ball
2-1: Ball
3-1: Swinging Strike
3-2: Foul Ball, location: 2F
3-2: Base on Balls
Pitching: RHP Wayne Kerrick
Batting: LHB Marius Tadini 0-0: Ball
1-0: Grounds into double play, 4-6-3 (Groundball, 4MS, EV 86.9 MPH)
Top of the 7th over - 0 runs, 0 hits, 0 errors, 0 left on base; Chattanooga 1 - Portland 5
BOTTOM OF THE 7TH
Portland Sea Dogs batting - Pitching for Chattanooga Lookouts : LHP Moronobu Ikeda
Pitching: LHP Mark Challinor
Batting: RHB Manny Jurado 0-0: Ball
1-0: Swinging Strike
1-1: Foul Ball, location: 2F
1-2: Foul Ball, location: 2F
1-2: Foul Ball, location: 2F
1-2: Ball
2-2: SINGLE (Groundball, 56D, EV 96.9 MPH)
Batting: RHB Carlos Nolasco 0-0: Called Strike
0-1: Foul Ball, location: 2F
0-2: Strikes out swinging
Batting: LHB Blake Sams 0-0: Ball
Manny Jurado steals 2nd base
1-0: Called Strike
1-1: Fly out, F9 (Flyball, 89D, EV 100.6 MPH)
Batting: LHB Jarrett Mordecai 0-0: Fly out, F9 (Line Drive, 9, EV 85.6 MPH)
Bottom of the 7th over - 0 runs, 1 hit, 0 errors, 1 left on base; Chattanooga 1 - Portland 5
TOP OF THE 8TH
Chattanooga Lookouts batting - Pitching for Portland Sea Dogs : RHP Wayne Kerrick
Batting: RHB Bobby Blanchard 0-0: Called Strike
0-1: Ball
1-1: Foul Ball, location: 2F
1-2: Fly out, F9 (Flyball, 89S, EV 90.0 MPH)
Batting: RHB Mike Craver 0-0: Called Strike
0-1: Called Strike
0-2: Foul Ball, location: 2F
0-2: Foul Ball, location: 2F
0-2: Foul Ball, location: 2F
0-2: Strikes out swinging
Batting: RHB Isaiah Easter 0-0: Swinging Strike
0-1: Called Strike
0-2: Strikes out swinging
Top of the 8th over - 0 runs, 0 hits, 0 errors, 0 left on base; Chattanooga 1 - Portland 5
BOTTOM OF THE 8TH
Portland Sea Dogs batting - Pitching for Chattanooga Lookouts : LHP Mark Challinor
Pitching: RHP Justin Gorden
Batting: RHB Joe Evrard 0-0: Foul Ball, location: 2F
0-1: Ball
1-1: Foul Ball, location: 2F
1-2: Foul Ball, location: 2F
1-2: SINGLE (Groundball, 56D, EV 101.9 MPH)
Batting: RHB Pat Bulger 0-0: Called Strike
0-1: Fly out, F8 (Line Drive, 8LM, EV 98.1 MPH)
Batting: LHB Julian Toney 0-0: Ball
1-0: Called Strike
1-1: Foul Ball, location: 2F
1-2: Fly out, F8 (Flyball, 89S, EV 75.0 MPH)
Batting: RHB John Chiesa 0-0: Swinging Strike
0-1: Swinging Strike
0-2: Ball
1-2: Strikes out swinging
Bottom of the 8th over - 0 runs, 1 hit, 0 errors, 1 left on base; Chattanooga 1 - Portland 5
TOP OF THE 9TH
Chattanooga Lookouts batting - Pitching for Portland Sea Dogs : RHP Wayne Kerrick
Batting: LHB Jim Pankratz 0-0: Foul Ball, location: 2F
0-1: Ball
1-1: SINGLE (Line Drive, 78S, EV 105.0 MPH)
Batting: LHB Matt Robertson 0-0: Ball
1-0: Swinging Strike
1-1: TRIPLE (Flyball, 89XD, EV 103.8 MPH)
Jim Pankratz scores
Pitching: RHP Mike Osgood
Pinch Hitting: LHB Israel Montoya 0-0: Foul Ball, location: 2F
0-1: Foul Ball, location: 2F
0-2: Ball
1-2: Ball
2-2: DOUBLE (Groundball, 3L, EV 105.0 MPH)
Matt Robertson scores
Pinch Hitting: LHB Bill Young 0-0: Ground out 4-3 (Groundball, 4, EV 83.1 MPH)
Israel Montoya to third
Pinch Hitting: LHB Todd Beaver 0-0: Called Strike
0-1: Ball
1-1: DOUBLE (Line Drive, 7LS, EV 100.0 MPH)
Israel Montoya scores
Batting: LHB Marius Tadini 0-0: Ball
1-0: Ball
2-0: Ball
3-0: Called Strike
3-1: Foul Ball, location: 2F
3-2: Ground out 4-3 (Groundball, 4, EV 103.8 MPH)
Todd Beaver to third
Batting: RHB Bobby Blanchard 0-0: Called Strike
0-1: Called Strike
0-2: Ball
1-2: DOUBLE (Line Drive, 3D, EV 93.8 MPH)
Todd Beaver scores
Batting: RHB Mike Craver 0-0: Ball
1-0: Ball
Passed Ball!
Bobby Blanchard to third
2-0: Swinging Strike
2-1: Fly out, F4 (Popup, 34S, EV 77.5 MPH)
Top of the 9th over - 4 runs, 5 hits, 0 errors, 1 left on base; Chattanooga 5 - Portland 5
BOTTOM OF THE 9TH
Portland Sea Dogs batting - Pitching for Chattanooga Lookouts : RHP Justin Gorden
Pitching: RHP Matthew Lange
Now at 1B: Isaiah Easter
Now at 2B: Miguel Verduzco
Now at 3B: Mike Craver
Now at SS: Matt Dunn
Now in CF: Israel Montoya
Batting: RHB Guillermo Quintero 0-0: Foul Ball, location: 2F
0-1: Swinging Strike
0-2: Ball
1-2: Ball
2-2: DOUBLE (Groundball, 5L, EV 100.0 MPH)
Batting: RHB Manny Jurado 0-0: Called Strike
0-1: Called Strike
0-2: Ball
1-2: Ball
2-2: Strikes out swinging
Batting: RHB Carlos Nolasco 0-0: Ball
1-0: Swinging Strike
1-1: SINGLE (Flyball, 56D, EV 83.1 MPH)
Guillermo Quintero to third
Batting: LHB Blake Sams 0-0: Called Strike
0-1: 3-RUN HOME RUN (Flyball, 89XD, EV 103.1 MPH), Distance : 399 ft
Bottom of the 9th over - 3 runs, 3 hits, 0 errors, 0 left on base; Chattanooga 5 - Portland 8
Game Over ... Portland defeats Chattanooga, 8 to 5
Wednesday, June 22nd , 2022 - OOTP Baseball 23.4 Build 64